 Dungeon Crawl Stone Soup version 0.26.0-7-g794d0892b4 (webtiles) character file.

Game seed: 7997401215300422008

2880 trckry the Destroyer (level 9, -1/46 HPs)
             Began as a Vine Stalker Conjurer on Jan 10, 2021.
             Was a Follower of Vehumet.
             Killed by the air
             ... invoked by Gastronok
              (21 damage)
             ... on level 8 of the Dungeon.
             The game lasted 00:19:55 (8693 turns).

trckry the Destroyer (Vine Stalker Conjurer)        Turns: 8693, Time: 00:19:55

Health: -1/46      AC:  3    Str: 10    XL:     9   Next: 76%
Magic:  0/17       EV: 14    Int: 21    God:    Vehumet [*.....]
Gold:   490        SH:  5    Dex: 13    Spells: 15/18 levels left

rFire    . . .     SeeInvis .   o - +2 dagger (venom)
rCold    . . .     Faith    .   s - +0 buckler
rNeg     . . .     Spirit   +   a - +0 robe
rPois    .         Reflect  .   (no helmet)
rElec    .         Harm     .   (no cloak)
rCorr    .         Rampage  .   (no gloves)
Will     +....                  p - +0 pair of boots
Stlth    ++........             (no amulet)
HPRegen  0.55/turn              (no ring)
MPRegen  0.15/turn              (no ring)

@: no status effects
A: fangs 3, regeneration 1, magic shield, antimagic bite, no potion heal 3
a: Renounce Religion


You were on level 8 of the Dungeon.
You worshipped Vehumet.
Vehumet was aware of your devotion.
You visited 2 branches of the dungeon, and saw 9 of its levels.

You collected 490 gold pieces.

Inventory:

Hand Weapons
 o - a +2 dagger of venom (weapon)
Missiles
 d - 3 silver boomerangs
 r - 44 poisoned darts
 z - 4 silver javelins
Armour
 a - a +0 robe (worn)
 p - a +0 pair of boots (worn)
 s - a +0 buckler (worn)
 F - a +2 robe of the Archmagi
Magical Staves
 u - an uncursed staff of poison {unknown}
 x - an uncursed staff of cold {unknown}
 H - an uncursed staff of death {unknown}
Jewellery
 h - a cursed ring of attention {unknown}
 v - an uncursed amulet of regeneration
 w - an uncursed ring of wizardry
 y - an uncursed amulet of reflection {unknown}
 C - an uncursed amulet of magic regeneration {unknown}
 J - a +4 ring of slaying {unknown}
Wands
 D - a wand of iceblast (8)
 G - a wand of flame (24)
 K - a wand of digging (6)
Scrolls
 i - 2 scrolls of enchant armour {unknown}
 k - 5 scrolls of identify {unknown}
 l - 2 scrolls of magic mapping {unknown}
 m - 2 scrolls of enchant weapon {unknown}
 n - 6 scrolls of teleportation {unknown}
 t - a scroll of fog {unknown}
 A - a scroll of blinking {unknown}
 B - 2 scrolls of amnesia {unknown}
 E - a scroll of remove curse {unknown}
Potions
 b - a potion of flight {unknown}
 c - 4 potions of might {unknown}
 e - a potion of attraction {unknown}
 f - 8 potions of curing {unknown}
 g - 3 potions of brilliance {unknown}
 j - 3 potions of heal wounds {unknown}
 q - a potion of degeneration {unknown}
 I - a potion of magic {unknown}


   Skills:
 + Level 4.4 Fighting
 + Level 3.3 Staves
 + Level 4.3 Dodging
 - Level 2.4 Stealth
 + Level 3.8 Shields
 - Level 5.0 Spellcasting
 * Level 8.3 Conjurations
 + Level 3.1 Evocations


You had 15 spell levels left.
You knew the following spells:

 Your Spells              Type           Power        Failure   Level
a - Magic Dart            Conj           100%         1%          1
b - Searing Ray           Conj           80%          1%          2

Your spell library contained the following spells:

 Spells                   Type           Power        Failure   Level
 Freeze                   Ice            20%          11%         1
 Dazzling Flash           Conj/Hex       44%          6%          3
 Fulminant Prism          Conj/Hex       11%          21%         4
 Iskenderun's Mystic Bla  Conj/Tloc      22%          21%         4


Dungeon Overview and Level Annotations

Branches:
Dungeon (8/15)             Temple (1/1) D:6
   Lair: D:8-11

Altars:
Ashenzari
Dithmenos
Fedhas
Gozag
Hepliaklqana
Kikubaaqudgha
Makhleb
Okawaru
Qazlal
Ru
Sif Muna
Trog
Uskayaw
Vehumet
Wu Jian
Xom
Yredelemnul
Zin
The Shining One

Annotations:
D:8 Gastronok


Innate Abilities, Weirdness & Mutations

You have razor-sharp teeth.
Your natural rate of healing is unusually fast.
When hurt, damage is shared between your health and your magic reserves.
Your bite disrupts and absorbs the magic of your enemies.
Potions cannot restore your health.


Message History

Here: Gastronok, wearing a +2 hat The floor.
Unknown command.
You hit Gastronok.
Gastronok is poisoned.
Gastronok is lightly wounded.
Gastronok bites you!!!
Ouch! That really hurt!
You hear a shout!
Press: ? - help, v - describe, . - travel
Here: Gastronok, wearing a +2 hat (lightly wounded, very poisoned)
The floor.
You hit Gastronok.
Gastronok is lightly wounded.
You hit Gastronok but do no damage.
Gastronok looks as sick as possible!
You bite Gastronok.
Gastronok's magic leaks into the air.
You drain his magic.
You feel invigorated.
Gastronok is lightly wounded.
Gastronok waves his eye-stalks in wide circles.
The air twists around and strikes you!!
You die...

####### #<# ### ...
..# ### ####.####.#
#.. .....? #.#
####.. #....#
#.######.##..
#....#.#.........'..
#......#........##(.
#.w@####........##..
#........######.##..
#.######## #.....##
#. #.#.#.# . #.#.#.#
#. #.#.#.# # #.#.#.#
#.#.#.# #.#.#'##


You could see Gastronok (extremely poisoned).

Vanquished Creatures
  Prince Ribbit (D:8)
  3 orc warriors
  An ice beast (D:7)
  3 phantoms
  2 necrophages
  2 ogres
  4 centaurs
  A big kobold (D:8)
  A bullfrog (D:7)
  2 scorpions
  A water moccasin skeleton (D:4)
  A howler monkey (D:5)
  A crimson imp (D:5)
  A jelly (D:7)
  A gnoll shaman (D:7)
  A centaur skeleton (D:8)
  A hound (D:4)
  8 orc priests
  2 orc wizards (D:7)
  An iguana (D:4)
  7 worker ants
  2 hound skeletons
  Robin (D:3)
  A worker ant zombie (D:8)
  15 adders
  8 gnolls
  A howler monkey skeleton (D:4)
  2 shadow imps
  An ufetubus (D:8)
  2 oozes (D:3)
  An adder skeleton (D:4)
  2 dart slugs (D:3)
  2 leopard geckos (D:4)
  22 orcs
  6 bats
  3 giant cockroaches
  12 goblins
  10 hobgoblins
  7 jackals
  3 quokkas
  2 ball pythons
  A frilled lizard (D:3)
  A jackal skeleton (D:5)
  19 kobolds
  A leopard gecko skeleton (D:5)
  A quokka skeleton (D:7)
  7 rats
178 creatures vanquished.

Notes
Turn   | Place    | Note
-------+----------+-------------------------------------------
     0 | D:1      | trckry the Vine Stalker Conjurer began the quest for the
                  | Orb.
     0 | D:1      | Reached XP level 1. HP: 9/9 MP: 4/4
   120 | D:1      | Reached XP level 2. HP: 14/14 MP: 1/6
   124 | D:1      | Learned a level 2 spell: Searing Ray
   838 | D:2      | Reached XP level 3. HP: 17/17 MP: 2/7
   956 | D:2      | Reached skill level 1 in Fighting
  1286 | D:2      | Gained mutation: Your natural rate of healing is unusually
                  | fast. [Vine Stalker growth]
  1286 | D:2      | Reached XP level 4. HP: 22/22 MP: 2/9
  2267 | D:3      | Noticed Robin
  2296 | D:3      | Killed Robin
  2524 | D:3      | Reached XP level 5. HP: 24/25 MP: 8/10
  2655 | D:3      | Reached skill level 5 in Conjurations
  2719 | D:3      | Found a hide-covered altar of Uskayaw.
  3256 | D:4      | Reached XP level 6. HP: 30/30 MP: 11/11
  3307 | D:4      | Noticed a phantom
  3323 | D:4      | Killed a phantom
  3324 | D:4      | Reached skill level 1 in Shields
  3648 | D:4      | Reached XP level 7. HP: 25/35 MP: 10/13
  3684 | D:4      | Found an opulent altar of Gozag.
  3796 | D:4      | Reached skill level 6 in Conjurations
  4415 | D:5      | Entered Level 5 of the Dungeon
  4493 | D:5      | Reached skill level 1 in Staves
  4503 | D:5      | Found a burning altar of Makhleb.
  4795 | D:5      | Found a blossoming altar of Fedhas.
  5079 | D:5      | Gained mutation: You have razor-sharp teeth. [Vine Stalker
                  | growth]
  5079 | D:5      | Reached XP level 8. HP: 27/40 MP: 10/15
  5667 | D:6      | Reached skill level 1 in Evocations
  5825 | D:6      | Found a staircase to the Ecumenical Temple.
  5830 | Temple   | Entered the Ecumenical Temple
  6035 | Temple   | Became a worshipper of Vehumet
  6312 | D:5      | Reached skill level 7 in Conjurations
  6799 | D:7      | Found an ancient bone altar of Kikubaaqudgha.
  7250 | D:7      | Reached XP level 9. HP: 41/45 MP: 11/17
  7423 | D:7      | Reached * piety under Vehumet
  7423 | D:7      | Offered knowledge of Freeze by Vehumet.
  7492 | D:7      | Reached skill level 5 in Spellcasting
  7815 | D:8      | Noticed Prince Ribbit
  7821 | D:8      | Killed Prince Ribbit
  8109 | D:8      | Reached skill level 8 in Conjurations
  8686 | D:8      | Noticed Gastronok
  8693 | D:8      | Killed from afar by Gastronok

Illustrated notes

Levels and vault maps discovered:
D:1:      dpeg_arrival_orchard, layout_loops_ring
D:2:      layout_basic
D:3:      layout_loops_ring, eat_drink_and_be_merry_uskayaw,
          minmay_fractal_squares_diagonal_5, uniq_robin
D:4:      layout_basic, nicolae_gozag_cash_rules_everything_around_me
D:5:      layout_basic, lemuel_doored_altar, makhleb_grotto_becter
D:6:      layout_loops_cross, temple_statues
D:7:      layout_gridville, nicolae_overflow_crystal_walls,
          minmay_unpleasant_kobolds
D:8:      layout_basic, gammafunk_temple_overflow_pools,
          kennysheep_big_empty_room, minmay_tree_intersection,
          uniq_prince_ribbit1, uniq_gastronok
Temple:   eino_temple_water

Skill      XL: |  1  2  3  4  5  6  7  8  9 |
---------------+----------------------------+-----
Fighting       | 1 2 3 4 |  4.4
Dodging        | 2 3 4 |  4.3
Spellcasting   | 3 4 5 |  5.0
Conjurations   | 5 6 7 8 |  8.3
Shields        | 1 2 3 |  3.8
Staves         | 1 2 3 |  3.3
Evocations     | 2 3 |  3.1
Stealth        | |  2.4

Action                   |  1- 3 |  4- 6 |  7- 9 || total
-------------------------+-------+-------+-------++-------
Melee: Dagger            |       |    56 |   232 ||   288
       Bite              |       |    12 |    53 ||    65
 Cast: Magic Dart        |    59 |    35 |     9 ||   103
       Searing Ray       |       |    18 |    33 ||    51
 Stab: Sleeping          |       |     1 |     4 ||     5
Armor: Robe              |     1 |    10 |    22 ||    33
Dodge: Dodged            |     3 |    37 |   134 ||   174
Block: Buckler           |       |     2 |    44 ||    46
